 Dungeon Crawl Stone Soup version 0.29-a0-962-gc8bbfd0a37 (webtiles) character file.

Game seed: 13594910855669907746

25 avis the Chiller (level 2, 0/24 HPs)
             Began as a Demigod Ice Elementalist on July 30, 2022.
             Slain by a goblin
             ... wielding a +0 dagger
             ... led by Robin
              (6 damage)
             ... on level 1 of the Dungeon.
             The game lasted 00:06:34 (972 turns).

avis the Chiller (Demigod Ice Elementalist)          Turns: 972, Time: 00:06:35

Health: 0/24       AC:  2    Str:  9    XL:     2   Next: 63%
Magic:  7/7        EV: 12    Int: 17    God:
Gold:   87         SH:  0    Dex: 14    Spells: 4/5 levels left

rFire   . . .      SeeInvis .   a - +0 longbow
rCold   . . .      Faith    .   (shield currently unavailable)
rNeg    . . .      Spirit   .   h - +0 robe {Will+}
rPois   .          Reflect  .   (no helmet)
rElec   .          Harm     .   (no cloak)
rCorr   .          Rampage  .   (no gloves)
Will    +....                   (no boots)
Stlth   ++........              (no amulet)
HPRegen 0.08/turn               (no ring)
MPRegen 0.10/turn               (no ring)

@: no status effects
A: high MP 1, forlorn, divine attributes
a: no special abilities


You were on level 1 of the Dungeon.
You visited 1 branch of the dungeon, and saw 2 of its levels.

You collected 87 gold pieces.

Inventory:

Hand Weapons
 a - a +0 longbow (weapon)
 b - a +0 short sword
Armour
 d - a +0 robe
 h - a +0 robe of willpower (worn)
Magical Staves
 i - a staff of air
Scrolls
 e - a scroll of noise {unknown}
 f - a scroll of poison {unknown}
 g - a scroll of teleportation {unknown}
Potions
 c - a potion of curing {unknown}
 j - a potion of magic
 k - a potion of degeneration {unknown}
 l - a potion of brilliance {unknown}


   Skills:
 * Level 1.8 Fighting
 - Level 2.0 Dodging
 - Level 2.0 Stealth
 - Level 2.0 Spellcasting
 - Level 3.6 Ice Magic


You had 4 spell levels left.
You knew the following spells:

 Your Spells              Type           Power      Damage    Failure   Level
a - Freeze                Ice            52%        1d7       4%          1

Your spell library contained the following spells:

 Spells                   Type           Power      Damage    Failure   Level
 Frozen Ramparts          Ice            26%        1d4       13%         3
 Ozocubu's Armour         Ice            13%        N/A       13%         3
 Confusing Touch          Hex            1%         N/A       50%         3
 Hailstorm                Conj/Ice       7%         3d4       67%         4
 Yara's Violent Unravell  Hex/Tmut       0%         3d3       99%         5
 Enfeeble                 Hex            0%         N/A       100%        7


Dungeon Overview and Level Annotations

Branches:
Dungeon (2/15)

Annotations:
D:2 Robin


Innate Abilities, Weirdness & Mutations

You have an increased reservoir of magic. (+10% MP)
You shall have no god before yourself.
Your divine heritage dramatically boosts your attributes as you level up.


Message History

Aim: a hobgoblin (54% to hit)
You shoot an arrow. The arrow hits the hobgoblin.
The hobgoblin is heavily wounded.
The hobgoblin completely misses you. The hobgoblin barely misses you.
Fire: a) +0 longbow
Press: ? - help, Q - select action, (/) - cycle Shift-Dir - straight line, f/p - hobgoblin
Aim: a hobgoblin (heavily wounded, 54% to hit)
You shoot an arrow. The arrow hits the hobgoblin.
You kill the hobgoblin!
You climb downwards.
Level annotation: Robin The bat closely misses you.
The goblin hits you with a +0 club. The goblin closely misses you.
The hobgoblin closely misses you. The goblin hits you but does no damage.
The goblin hits you with a +0 dagger. The hobgoblin misses you.
The goblin hits you with a +0 club. The goblin hits you with a +0 dagger.
The goblin barely misses you.
There is a stone staircase leading up here.
The goblin hits you with a +0 club.
The hobgoblin hits you but does no damage.
The goblin barely misses you. The goblin hits you but does no damage.
The goblin barely misses you.
Robin roars a battlecry!
The goblins go into a battle-frenzy!
You climb upwards.
There is a stone staircase leading down here.
Fire: a) +0 longbow
Press: ? - help, Q - select action, (/) - cycle Shift-Dir - straight line, f - goblin
Aim: a goblin, wielding a +0 dagger (strong, 45% to hit)
You shoot an arrow. The arrow closely misses the goblin.
The arrow barely misses the goblin.
The goblin hits you but does no damage. The goblin barely misses you.
Fire: a) +0 longbow
Press: ? - help, Q - select action, (/) - cycle Shift-Dir - straight line, f/p - goblin
Aim: a goblin, wielding a +0 dagger (strong, 45% to hit)
You shoot an arrow. The arrow hits the goblin!
You kill the goblin!
The goblin hits you with a +0 club. x2
* * * LOW HITPOINT WARNING * * *
The goblin hits you with a +0 dagger.
You die...

#...# ## #...#####
.# #.......#
###########...##.##
.....).......)##.#
###########...##.#
.##########...##.#
..........#...##g#
#####...###...##@#
.####.##########g#
.........# ###gg##
.......#.## #...#.#
.#####.#..# #.###.#
.# #.##.# #.....#
.#####....###.##.##
......##..#....#.#
.####..##......#.#


You could see a hobgoblin (strong) and 3 goblins.

Vanquished Creatures
  A dart slug (D:1)
  A ball python (D:1)
  2 bats (D:1)
  4 endoplasms (D:1)
  2 goblins (D:1)
  3 hobgoblins (D:1)
  2 kobolds (D:1)
  4 frilled lizards (D:1)
  3 rats (D:1)
22 creatures vanquished.

Notes
Turn   | Place    | Note
-------+----------+-------------------------------------------
     0 | D:1      | avis the Demigod Ice Elementalist began the quest for the
                  | Orb.
     0 | D:1      | Reached XP level 1. HP: 14/14 MP: 5/5
    57 | D:1      | Reached skill level 1 in Fighting
   153 | D:1      | Reached XP level 2. HP: 15/23 MP: 1/7
   961 | D:2      | Noticed Robin
   972 | D:1      | Slain by a goblin

Illustrated notes

Levels and vault maps discovered:
D:1:      dpeg_arrival_pits, layout_rooms, minmay_pentomino_p4
D:2:      minmay_diamond_boxcup, layout_rooms, kennysheep_decorative_pillar,
          uniq_robin

Skill      XL: |  1  2 |
---------------+-------+-----
Fighting       | 1 |  1.8
Spellcasting   | 2 |  2.0
Dodging        | 2 |  2.0
Stealth        | 2 |  2.0
Ice Magic      | |  3.6

Action                   || total
-------------------------++-------
 Fire: Longbow           ||     6
 Cast: Freeze            ||    33
Armor: Robe              ||     6
Dodge: Dodged            ||    20

Table legend: (Time is in decaauts)
 A = Elapsed time spent in this place.
 B = Non-inter-level travel time spent in this place.
 C = Inter-level travel time spent in this place.
 D = Time resting spent in this place.
 E = Time spent auto-exploring this place.
 F = Levels seen in this place.
 G = Mean time per level.
                   A        B        C        D        E       F      G
               +--------+--------+--------+--------+--------+-----+--------+
         Total |    976 |    965 |     11 |    515 |    254 |   2 |  488.0 |
       Dungeon |    976 |    965 |     11 |    515 |    254 |   2 |  488.0 |
               +--------+--------+--------+--------+--------+-----+--------+

Top non-repeatable levels by time:
     D:1: 970 daAuts
     D:2: 6 daAuts
